 Dungeon Crawl Stone Soup version 0.28.0-55-gcd9437bce4 (webtiles) character file.

Game seed: 14577919219288805391

96 AarnesTheHuman the Shield-Bearer (level 4, -2/41 HPs)
             Began as a Gnoll Fighter on Jan 2, 2023.
             Killed from afar by an orc wizard (6 damage)
             ... with a magic dart
             ... on level 3 of the Dungeon.
             The game lasted 00:02:41 (2297 turns).

AarnesTheHuman the Shield-Bearer (Gnoll Fighter)    Turns: 2297, Time: 00:02:42

Health: -2/41      AC:  8    Str: 17    XL:     4   Next: 67%
Magic:  5/5        EV:  9    Int:  8    God:
Gold:   92         SH:  0    Dex: 11    Spells: 5/5 levels left

rFire   . . .      SeeInvis .   a - +0 hand axe (vorpal)
rCold   . . .      Faith    .   c - +0 buckler
rNeg    . . .      Spirit   .   b - +0 scale mail
rPois   .          Reflect  .   p - +1 hat
rElec   .          Harm     .   (no cloak)
rCorr   .          Rampage  .   (no gloves)
Will    .....                   (no boots)
Stlth   ..........              (no amulet)
HPRegen 0.13/turn               (no ring)
MPRegen 0.09/turn               (no ring)

@: confused
A: fangs 1, strong nose, distributed training
a: no special abilities


You were on level 3 of the Dungeon.
You visited 1 branch of the dungeon, and saw 3 of its levels.

You collected 92 gold pieces.

Inventory:

Hand Weapons
 a - a +0 vorpal hand axe (weapon)
 l - a +0 war axe
Missiles
 e - 2 poisoned darts (quivered)
 i - 46 stones
Armour
 b - a +0 scale mail (worn)
 c - a +0 buckler (worn)
 h - a +0 helmet
 p - a +1 hat (worn)
Scrolls
 f - 3 scrolls of teleportation {unknown}
 g - a scroll of silence {unknown}
 j - a scroll of torment {unknown}
 o - a scroll of immolation {unknown}
 q - a scroll of identify {unknown}
Potions
 d - a potion of might
 k - a potion of brilliance {unknown}
 m - a potion of curing {unknown}
 n - a potion of heal wounds {unknown}


   Skills:
 + Level 6.6 Fighting
 + Level 1.2 Short Blades
 + Level 1.2 Long Blades
 + Level 4.7 Axes
 + Level 1.2 Maces & Flails
 + Level 1.2 Polearms
 + Level 1.2 Staves
 + Level 1.2 Slings
 + Level 1.2 Bows
 + Level 1.2 Crossbows
 + Level 1.2 Throwing
 + Level 6.6 Armour
 + Level 1.2 Dodging
 + Level 1.2 Stealth
 + Level 6.6 Shields
 + Level 1.2 Unarmed Combat
 + Level 1.2 Spellcasting
 + Level 1.0 Conjurations
 + Level 1.0 Hexes
 + Level 1.0 Summonings
 + Level 1.0 Necromancy
 + Level 1.0 Translocations
 + Level 1.0 Transmutations
 + Level 1.0 Fire Magic
 + Level 1.0 Ice Magic
 + Level 1.0 Air Magic
 + Level 1.0 Earth Magic
 + Level 1.0 Poison Magic
 + Level 1.3 Invocations
 + Level 1.2 Evocations


You had 5 spell levels left.
You didn't know any spells.
Your spell library contained the following spells:

 Spells                   Type           Power      Damage    Failure   Level
 Tukima's Dance           Hex            2%         N/A       96%         3
 Anguish                  Hex/Necr       1%         N/A       100%        4
 Dispersal                Tloc           1%         N/A       100%        6
 Enfeeble                 Hex            1%         N/A       100%        7
 Disjunction              Tloc           1%         N/A       100%        8


Dungeon Overview and Level Annotations

Branches:
Dungeon (3/15)

Altars:
Nemelex Xobeh
Ru


Innate Abilities, Weirdness & Mutations

You have very sharp teeth.
Your uncanny sense of smell can sniff out nearby items.
Your experience applies equally to all skills.


Message History

The orc wizard hits you with a +0 dagger.
Items here: )) [[ ††.
You hit the orc wizard.
You bite the orc wizard, but do no damage.
The orc wizard is moderately wounded.
You block the orc's attack.
The orc wizard hits you but does no damage.
The orc closely misses you.
You closely miss the orc wizard.
The orc wizard is moderately wounded.
You hit the orc but do no damage. The orc closely misses you.
The orc wizard hits you but does no damage.
The orc closely misses you.
The orc wizard hits you but does no damage.
The orc hits you with a +0 hand axe.
You hit the orc wizard but do no damage.
The orc wizard is moderately wounded.
You hit the orc but do no damage. The orc misses you.
The orc hits you but does no damage. The orc wizard casts a spell at you.
You are confused.
You bump into the rock wall.
The orc closely misses you. The orc hits you but does no damage.
The orc wizard hits you with a +0 dagger.
You bump into the rock wall.
The orc closely misses you. The orc wizard barely misses you.
The orc closely misses you.
You bump into the rock wall.
The orc closely misses you.
The orc wizard gestures at you while chanting.
You resist with some effort. The orc barely misses you.
You bump into the rock wall.
The orc hits you from afar with a +0 trident.
The orc wizard points at you and mumbles some strange words.
The puff of flame hits you!
* * * LOW HITPOINT WARNING * * *
The orc hits you but does no damage.
You bump into the rock wall.
The orc barely misses you. The orc closely misses you.
The orc wizard points at you and mumbles some strange words.
The magic dart hits you.
You die...

.# #o ..# ##. ###.# ##..
#.>.# #... #...# .
#...############...#
...#...o..............#
#
#.....o#####.........##.
#.(.o@.....######.....
.......######## ##....
....... #.... .......
##.... [...... #...≈≈
....... #..≈≈≈ #.....#
#..≈≈_ ...... ###
####..≈≈≈ ...#
##......≈≈


You could see an orc wizard and 2 orcs.

Vanquished Creatures
  An orc priest (D:3)
  A gnoll (D:1)
  An adder (D:2)
  A dart slug (D:1)
  An orc (D:3)
  A ball python (D:1)
  2 endoplasms (D:1)
  3 giant cockroaches
  7 goblins
  4 hobgoblins
  4 kobolds (D:1)
  3 quokkas
  5 bats
  4 frilled lizards
  6 rats (D:1)
44 creatures vanquished.

Notes
Turn   | Place    | Note
-------+----------+-------------------------------------------
     0 | D:1      | AarnesTheHuman the Gnoll Fighter began the quest for the
                  | Orb.
     0 | D:1      | Reached XP level 1. HP: 23/23 MP: 1/1
    56 | D:1      | Reached XP level 2. HP: 26/29 MP: 2/2
   124 | D:1      | Found a faded altar of an unknown god.
   560 | D:1      | Reached XP level 3. HP: 27/35 MP: 3/3
   953 | D:1      | Reached skill level 1 in Invocations
  1102 | D:2      | Reached skill level 1 in Short Blades
  1102 | D:2      | Reached skill level 1 in Long Blades
  1102 | D:2      | Reached skill level 1 in Maces & Flails
  1102 | D:2      | Reached skill level 1 in Polearms
  1102 | D:2      | Reached skill level 1 in Staves
  1102 | D:2      | Reached skill level 1 in Slings
  1102 | D:2      | Reached skill level 1 in Bows
  1102 | D:2      | Reached skill level 1 in Crossbows
  1102 | D:2      | Reached skill level 1 in Throwing
  1102 | D:2      | Reached skill level 1 in Dodging
  1102 | D:2      | Reached skill level 1 in Stealth
  1102 | D:2      | Reached skill level 1 in Unarmed Combat
  1102 | D:2      | Reached skill level 1 in Spellcasting
  1102 | D:2      | Reached skill level 1 in Evocations
  1572 | D:2      | Reached XP level 4. HP: 39/41 MP: 5/5
  1650 | D:2      | Found a sacrificial altar of Ru.
  2229 | D:3      | Found a sparkling altar of Nemelex Xobeh.
  2288 | D:3      | Reached skill level 1 in Conjurations
  2288 | D:3      | Reached skill level 1 in Hexes
  2288 | D:3      | Reached skill level 1 in Summonings
  2288 | D:3      | Reached skill level 1 in Necromancy
  2288 | D:3      | Reached skill level 1 in Translocations
  2288 | D:3      | Reached skill level 1 in Transmutations
  2288 | D:3      | Reached skill level 1 in Fire Magic
  2288 | D:3      | Reached skill level 1 in Ice Magic
  2288 | D:3      | Reached skill level 1 in Air Magic
  2288 | D:3      | Reached skill level 1 in Earth Magic
  2288 | D:3      | Reached skill level 1 in Poison Magic
  2297 | D:3      | Killed from afar by an orc wizard

Illustrated notes

Levels and vault maps discovered:
D:1:      amcnicky_arrival_blooded_trapdoor, layout_loops_ring,
          hellmonk_ecumenical_altar_pennies_from_heaven
D:2:      layout_basic, serial_forest, infiniplex_forest_straight_5,
          infiniplex_forest_clump_double, infiniplex_forest_lined_2,
          infiniplex_forest_lined_2, basic_altar
D:3:      layout_rooms, mainiacjoe_overflow_catwalk, bh_walls_and_bars

Skill      XL: |  1  2  3  4 |
---------------+-------------+-----
Invocations    | 1 |  1.3
Short Blades   | 1 |  1.2
Long Blades    | 1 |  1.2
Maces & Flails | 1 |  1.2
Polearms       | 1 |  1.2
Staves         | 1 |  1.2
Slings         | 1 |  1.2
Bows           | 1 |  1.2
Crossbows      | 1 |  1.2
Throwing       | 1 |  1.2
Dodging        | 1 |  1.2
Stealth        | 1 |  1.2
Unarmed Combat | 1 |  1.2
Spellcasting   | 1 |  1.2
Evocations     | 1 |  1.2
Conjurations   | 1 |  1.0
Hexes          | 1 |  1.0
Summonings     | 1 |  1.0
Necromancy     | 1 |  1.0
Translocations | 1 |  1.0
Transmutations | 1 |  1.0
Fire Magic     | 1 |  1.0
Ice Magic      | 1 |  1.0
Air Magic      | 1 |  1.0
Earth Magic    | 1 |  1.0
Poison Magic   | 1 |  1.0
Fighting       | |  6.6
Axes           | |  4.7
Armour         | |  6.6
Shields        | |  6.6

Action                   |  1- 3 |  4- 6 || total
-------------------------+-------+-------++-------
Melee: War axe           |    82 |       ||    82
       Bite              |     5 |     6 ||    11
       Hand axe          |    15 |    42 ||    57
Armor: Scale mail        |    38 |    25 ||    63
Dodge: Dodged            |    37 |    29 ||    66
Block: Buckler           |    20 |    10 ||    30
